 Dungeon Crawl Stone Soup version 0.29.1-1-gd02db6906a (webtiles) character file.

Game seed: 15214973235769493816

16 Aibolit the Grasshopper (level 2, 0/15 HPs)
             Began as a Spriggan Warper on Oct 7, 2022.
             Slain by an endoplasm (3 damage)
             ... on level 1 of the Dungeon.
             The game lasted 00:03:39 (703 turns).

Aibolit the Grasshopper (Spriggan Warper)            Turns: 703, Time: 00:03:40

Health: 0/15       AC:  2    Str:  7    XL:     2   Next: 37%
Magic:  7/7        EV: 17    Int: 14    God:
Gold:   20         SH:  0    Dex: 14    Spells: 5/7 levels left

rFire   . . .      SeeInvis +   a - +0 short sword
rCold   . . .      Faith    .   (no shield)
rNeg    . . .      Spirit   .   b - +0 robe
rPois   .          Reflect  .   (helmet restricted)
rElec   .          Harm     .   (no cloak)
rCorr   .          Rampage  .   (gloves unavailable)
Will    .....                   (boots unavailable)
Stlth   +.........              (no amulet)
HPRegen 0.05/turn               (no ring)
MPRegen 0.10/turn               (no ring)

@: very quick
A: very small, no large weapons, unfitting armour, see invisible, speed 3
a: no special abilities


You were on level 1 of the Dungeon.
You visited 1 branch of the dungeon, and saw 1 of its levels.

You collected 20 gold pieces.

Inventory:

Hand Weapons
 a - a +0 short sword (weapon)
Armour
 b - a +0 robe (worn)
Scrolls
 c - a scroll of blinking
 d - a scroll of amnesia {unknown}
 e - 2 scrolls of identify {unknown}
 i - a scroll of poison
Potions
 f - a potion of curing {unknown}
 g - a potion of degeneration {unknown}
 h - a potion of heal wounds {unknown}


   Skills:
 + Level 1.8 Fighting
 - Level 2.1 Short Blades
 - Level 1.0 Throwing
 + Level 3.5 Dodging
 + Level 3.0 Spellcasting
 + Level 4.7 Translocations


You had 5 spell levels left.
You knew the following spells:

 Your Spells              Type           Power      Damage    Failure   Level
a - Blink                 Tloc           30%        N/A       4%          2

Your spell library contained the following spells:

 Spells                   Type           Power      Damage    Failure   Level
 Gell's Gravitas          Tloc           15%        N/A       9%          3
 Lesser Beckoning         Tloc           15%        N/A       9%          3
 Teleport Other           Tloc           15%        N/A       9%          3
 Ensorcelled Hibernation  Hex/Ice        4%         N/A       32%         2
 Passwall                 Tmut/Erth      1%         N/A       32%         2
 Swiftness                Air            2%         N/A       54%         3
 Manifold Assault         Tloc           15%        N/A       63%         5


Dungeon Overview and Level Annotations

Branches:
Dungeon (1/15)

Altars:


Innate Abilities, Weirdness & Mutations

You are very small and have problems with some larger weapons.
You are too small for most types of armour.
You have supernaturally acute eyesight. (SInv)
You cover ground extremely quickly. (Speed+++)


Message History

There is an open door here.
There is an open door here.
You open the door.
Found 5 stones.
There is an open door here.
You see here 5 stones.
You open the door.
There is an open door here.
A kobold comes into view. It is wielding a +0 dagger.
The kobold shouts!
A ball python comes into view.
You hit the kobold.
You kill the kobold!
You closely miss the ball python.
An endoplasm comes into view.
The ball python bites you but does no damage.
The ball python misses you.
You barely miss the ball python. The ball python misses you. x2
You hit the ball python.
The ball python is moderately wounded.
The ball python misses you. The ball python closely misses you. x3
You hit the ball python.
The ball python is heavily wounded.
The ball python bites you. The ball python completely misses you.
You hit the ball python.
You kill the ball python!
You completely miss the endoplasm. The endoplasm freezes you.
You are frozen.
You barely miss the endoplasm. The endoplasm hits you.
You completely miss the endoplasm. The endoplasm misses you.
You barely miss the endoplasm. The endoplasm barely misses you.
You barely miss the endoplasm. The endoplasm freezes you.
You are frozen.
* * * LOW HITPOINT WARNING * * *
You are too injured to fight recklessly!
You are too injured to fight recklessly!
The endoplasm hits you.
You die...

#...#
#####..#
##'##
#..### .
#.#
##....# .
#.#
#...#.# .
#.#
#.###.#
#.#
#.....#
#.#
#######
#.#
#@#######
#.J......
##)......
#......
.#+### ..
.. .##


You could see an endoplasm.

Vanquished Creatures
  A ball python (D:1)
  An endoplasm (D:1)
  2 giant cockroaches (D:1)
  A goblin (D:1)
  2 hobgoblins (D:1)
  2 kobolds (D:1)
  2 quokkas (D:1)
  2 rats (D:1)
13 creatures vanquished.

Notes
Turn   | Place    | Note
-------+----------+-------------------------------------------
     0 | D:1      | Aibolit the Spriggan Warper began the quest for the Orb.
     0 | D:1      | Reached XP level 1. HP: 10/10 MP: 5/5
   425 | D:1      | Reached XP level 2. HP: 15/15 MP: 6/6
   490 | D:1      | Learned a level 2 spell: Blink
   703 | D:1      | Slain by an endoplasm

Illustrated notes

Levels and vault maps discovered:
D:1:      elethiomel_arrival_infinity_welcomes_careful_drivers, layout_basic,
          basic_ecumenical_altar, minmay_tetromino_o4

Skill      XL: |  1  2 |
---------------+-------+-----
Spellcasting   | 3 |  3.0
Fighting       | |  1.8
Short Blades   | |  2.1
Throwing       | |  1.0
Dodging        | |  3.5
Translocations | |  4.7

Action                   || total
-------------------------++-------
Melee: Short sword       ||    47
Throw: Boomerang         ||     7
  Use: Scroll            ||     1
Armor: Robe              ||     4
Dodge: Dodged            ||    38
